 Dungeon Crawl Stone Soup version 0.30-a0-1082-g70414cbcbb (webtiles) character file.

Game seed: 16723267503150745932

194 ryw the Cudgeller (level 5, -2/41 HPs)
             Began as a Mummy Fighter on Apr 16, 2023.
             Slain by a gnoll
             ... wielding a +0 club
             ... led by a gnoll bouda
              (5 damage)
             ... on level 3 of the Dungeon.
             The game lasted 00:04:37 (2638 turns).

ryw the Cudgeller (Mummy Fighter)                   Turns: 2638, Time: 00:04:38

Health: -2/41      AC:  6    Str: 21    XL:     5   Next: 44%
Magic:  5/5        EV:  9    Int:  8    God:
Gold:   1224       SH:  4    Dex: 11    Spells: 4/4 levels left

rFire   x . .      SeeInvis .    a - +1 flail
rCold   + . .      Faith    +    c - +0 buckler
rNeg    + + +      Spirit   .    b - +0 scale mail
rPois   ∞          Reflect  .    (no helmet)
rElec   .          Rampage  .    (no cloak)
rCorr   .                        (no gloves)
Will    .....                    (no boots) Stlth
                                 (no amulet)
HPRegen 0.26/turn                (no ring)
MPRegen 0.09/turn                (no ring)

@: no status effects
A: cold resistance 1, negative energy resistance 3, torment resistance 2, heat
vulnerability 1, in touch with death 1, no potions, faith
a: no special abilities


You were on level 3 of the Dungeon.
You visited 1 branch of the dungeon, and saw 5 of its levels.

You collected 1224 gold pieces.

Inventory:

Hand Weapons
 a - a +1 flail (weapon)
Missiles
 f - 36 stones (quivered)
Armour
 b - a +0 scale mail (worn)
 c - a +0 buckler (worn)
Scrolls
 e - a scroll of silence
 g - 2 scrolls of identify
 h - 2 scrolls of enchant armour
 i - 2 scrolls of immolation
 j - a scroll of noise
 k - a scroll of fear {unknown}


   Skills:
 - Level 3.0 Fighting
 * Level 4.8 Maces & Flails
 - Level 2.4 Armour
 - Level 2.4 Shields


You had 4 spell levels left.
You didn't know any spells.
Your spell library contained the following spells:

 Spells                   Type           Power      Damage    Failure   Level
 Sandblast                Erth           0%         2d4       85%         1
 Passwall                 Tmut/Erth      0%         N/A       94%         2
 Stone Arrow              Conj/Erth      0%         3d7       99%         3


Dungeon Overview and Level Annotations

Branches:
Dungeon (5/15)
 Temple: D:4-7

Altars:

Shops:
D:1 :(!

Annotations:
D:2 Sigmund


Innate Abilities, Weirdness & Mutations

You are immune to poison.
Your flesh is cold resistant. (rC+)
You are immune to negative energy. (rN+++)
You are immune to unholy pain and torment.
You are vulnerable to heat. (rF-)
You are in touch with the powers of death.
You do not drink.
You have a special connection with the divine. (Faith)


Message History

There is a stone staircase leading down here.
You block the gnoll's attack.
You climb downwards.
The iguana hisses angrily.
Found 16 gold pieces.
Found a stone staircase leading up.
There is a stone staircase leading up here.
A hound comes into view.
The hound barks!
The gnoll attacks as you move away! You block the gnoll's attack.
The iguana bites you!
There is a stone staircase leading up here.
The gnoll barely misses you.
The iguana bites you but does no damage.
You climb upwards.
There is a stone staircase leading down here.
The gnoll hits you with a +0 club. The iguana attacks as you move away!
The iguana closely misses you. You block the gnoll's attack.
The iguana attacks as you move away! The iguana bites you!
The gnoll closely misses you. The gnoll attacks as you move away!
The gnoll barely misses you. The gnoll attacks as you move away!
The gnoll hits you with a +0 club.
There is a stone staircase leading up here.
Things that are here:
a +0 dagger; a goblin corpse The gnoll is no longer moving quickly.
The gnoll barely misses you. The iguana bites you.
You climb upwards.
There is a stone staircase leading down here.
The air fills with toxic fumes!
As you read the scroll of poison, it crumbles to dust.
The gnoll hits you but does no damage. The iguana bites you.
You closely miss the gnoll. The gnoll hits you but does no damage.
The iguana barely misses you.
You closely miss the iguana. The gnoll hits you with a +0 club.
* * * LOW HITPOINT WARNING * * *
The iguana bites you!
* * * LOW HITPOINT WARNING * * *
The gnoll hits you with a +0 club.
You die...

#########
#.......#
#....[..#
####.....§§#######
.[.......§§§§§§g@#
##.......§§#####l#
#.........# #§#
#.........# #§#
#.........# #§#
#...###########§#
###<..........§§#
####.###########§#
#....# #.#


You could see an iguana and a gnoll.

Vanquished Creatures
  An orc priest (D:3)
  A sleepcap (D:4)
  An orc wizard (D:3)
  3 adders
  A shadow imp (D:4)
  2 worms
  2 dart slugs
  9 orcs (D:3)
  5 endoplasms
  5 giant cockroaches
  5 goblins
  4 hobgoblins
  2 jackals (D:2)
  3 kobolds
  4 quokkas
  3 ball pythons
  4 bats
  A frilled lizard (D:1)
  2 rats (D:1)
58 creatures vanquished.

Notes
Turn   | Place    | Note
-------+----------+-------------------------------------------
     0 | D:1      | ryw the Mummy Fighter began the quest for the Orb.
     0 | D:1      | Reached XP level 1. HP: 18/18 MP: 1/1
   244 | D:1      | Found Xoklag's Antique Weapon Boutique.
   278 | D:1      | Reached skill level 2 in Maces & Flails
   290 | D:1      | Found Qenellam's Book Shoppe.
   310 | D:1      | Reached XP level 2. HP: 23/24 MP: 2/2
   472 | D:1      | Found Kuprus's Distillery.
   601 | D:1      | Found a faded altar of an unknown god.
   729 | D:2      | Noticed Sigmund
   926 | D:1      | Identified a scroll of acquirement
   926 | D:1      | Acquired 1118 gold pieces
  1032 | D:1      | Gained mutation: You are in touch with the powers of death.
                  | [Mummy growth]
  1032 | D:1      | Reached XP level 3. HP: 19/29 MP: 3/3
  1077 | D:2      | Reached skill level 3 in Maces & Flails
  1653 | D:3      | Reached XP level 4. HP: 35/35 MP: 4/4
  1754 | D:3      | Reached skill level 4 in Maces & Flails
  2086 | D:3      | Reached XP level 5. HP: 25/41 MP: 5/5
  2480 | D:4      | Noticed a black bear
  2624 | D:5      | Entered Level 5 of the Dungeon
  2627 | D:5      | Noticed a phantom
  2638 | D:3      | Slain by a gnoll

Illustrated notes

Levels and vault maps discovered:
D:1:      dpeg_arrival_signposts, layout_loops_ring, serial_shops, shop, shop,
          shop, shapermc_ecumenical_altar_mp_ritualfount,
          chequers_serial_rivers_small_b, hangedman_abyss_or_decor_lesser_grid,
          minmay_tetromino_i2
D:2:      layout_loops_ring, kennysheep_generic_room_15, uniq_sigmund
D:3:      layout_basic
D:4:      layout_cave_pools, serial_column_ruins, column_ruins_corridor_corner,
          column_ruins_corridor_corner, column_ruins_open_tiny,
          column_ruins_grid_2, column_ruins_columns_straight,
          column_ruins_grid_1, serial_shops, shop, serial_park_tiny_1,
          uniq_crazy_yiuf_cottage, uniq_robin
D:5:      kennysheep_spiral_hall, layout_rooms, nicolae_overflow_hidden_temple,
          lemuel_temple_firewalk_b

Skill      XL: |  1  2  3  4 |
---------------+-------------+-----
Maces & Flails | 2 3 4 |  4.8
Fighting       | |  3.0
Armour         | |  2.4
Shields        | |  2.4

Action                     |  1- 3 |  4- 6 || total
---------------------------+-------+-------++-------
  Melee: Flail             |   125 |    66 ||   191
  Throw: Stone             |     6 |     3 ||     9
    Use: Scroll            |     5 |     3 ||     8
 Armour: Scale mail        |    59 |    22 ||    81
  Dodge: Dodged            |    68 |    35 ||   103
  Block: Buckler           |    28 |    14 ||    42

Table legend: (Time is in decaauts)
 A = Elapsed time spent in this place.
 B = Non-inter-level travel time spent in this place.
 C = Inter-level travel time spent in this place.
 D = Time resting spent in this place.
 E = Time spent auto-exploring this place.
 F = Levels seen in this place.
 G = Mean time per level.
                   A        B        C        D        E       F      G
               +--------+--------+--------+--------+--------+-----+--------+
         Total |   2698 |   2478 |    220 |    119 |   1760 |   5 |  539.6 |
       Dungeon |   2698 |   2478 |    220 |    119 |   1760 |   5 |  539.6 |
               +--------+--------+--------+--------+--------+-----+--------+

Top non-repeatable levels by time:
     D:3: 1066 daAuts
     D:1: 886 daAuts
     D:2: 597 daAuts
     D:4: 144 daAuts
     D:5: 3 daAuts
